Map: Pillars of Gold LE

Players

TeebuL - Winner!

  • Race: Protoss Protoss
  • Spawn Location: 1:00

Probe

  • Race: Protoss Protoss
  • Spawn Location: 7:00

Event: DreamHack SC2 Masters 2020 Winter

VOD

Have the link to the VOD?

Description

Time

  • Played on: Oct. 21, 2020, 5:17 a.m.
  • Length: 14:56

All games in this series

Show
View Real Time Build Order
Export as new Build Order

TeebuL Protoss - Winner!

Build Orders: Oracle Opening 

Get SALT Encoding   

  12  0:02  Probe  
  13  0:14  Probe  
  13  0:19  Pylon  
  14  0:26  Probe (Chrono Boost)  
  15  0:39  Gateway, Probe (Chrono Boost)  
  16  0:44  Probe (Chrono Boost)  
  16  0:49  Assimilator  
  17  0:54  Probe  
  17  0:56  Assimilator  
  18  1:06  Probe (Chrono Boost)  
  18  1:10  Gateway  
  20  1:18  Probe (Chrono Boost)  
  20  1:24  Probe (Chrono Boost)  
  21  1:27  Cybernetics Core  
  21  1:32  Probe  
  21  1:37  Pylon  
  22  1:44  Probe  
  23  1:57  Probe  
  24  2:05  Warp Gate, Adept x2  
  28  2:09  Probe  
  29  2:16  Pylon  
  29  2:22  Stargate  
  29  2:29  Pylon  
  30  2:38  Stalker  
  31  2:48  Shield Battery, Probe  
  32  2:58  Stalker  
  34  3:08  Oracle (Chrono Boost)  
  37  3:20  Probe (Chrono Boost)  
  35  3:31  Probe (Chrono Boost)  
  34  3:38  Void Ray (Chrono Boost)  
  38  3:54  Nexus  
  38  3:58  Sentry  
  38  4:01  Probe  
  38  4:13  Probe  
  39  4:22  Pylon  
  39  4:35  Twilight Council  
  39  4:40  Probe  
  39  4:42  Stalker x2  
  44  4:52  Probe  
  41  5:04  Probe  
  41  5:06  Probe  
  43  5:08  Blink (Chrono Boost)  
  43  5:16  Probe  
  43  5:18  Probe  
  43  5:21  Stalker  
  47  5:28  Zealot, Probe  
  50  5:36  Probe  
  50  5:40  Probe  
  52  5:49  Probe  
  53  5:57  Probe  
  54  6:00  Forge  
  54  6:01  Probe  
  55  6:06  Stalker  
  55  6:09  Probe  
  58  6:13  Probe  
  58  6:16  Robotics Facility  
  59  6:21  Protoss Ground Weapons Level 1 (Chrono Boost), Probe  
  60  6:26  Probe  
  60  6:27  Pylon  
  61  6:33  Probe  
  61  6:40  Probe  
  61  6:45  Probe  
  61  6:46  Photon Cannon  
  62  6:49  Stalker x2, Photon Cannon  
  62  6:52  Assimilator, Probe  
  67  7:05  Observer  
  67  7:06  Gateway  
  67  7:07  Gateway  
  68  7:13  Probe  
  68  7:21  Charge (Chrono Boost)  
  68  7:22  Stalker  
  70  7:48  Pylon x3  
  70  7:57  Nexus  
  70  7:59  Pylon  
  70  8:03  Gateway  
  70  8:04  Gateway, Pylon  
  70  8:10  Stalker x3  
  70  8:12  Stalker  
  79  8:20  Probe  
  75  8:37  Stalker x4  
  75  8:39  Protoss Ground Weapons Level 2 (Chrono Boost)  
  75  8:41  Probe  
  68  9:01  Pylon  
  66  9:07  Stalker x5  
  75  9:18  Observer  
  75  9:21  Stalker  
  69  9:34  Stalker x3  
  69  9:35  Stalker  
  71  9:51  Stalker x2  
  75  9:53  Gateway, Probe  
  75  9:55  Probe  
  73  10:07  Stalker x2  
  73  10:12  Stalker  
  79  10:16  Probe  
  79  10:19  Probe  
  76  10:21  Probe  
  75  10:33  Stalker x2  
  75  10:34  Probe  
  75  10:35  Probe  
  81  10:38  Observer  
  83  10:46  Probe x2  
  83  10:47  Probe  
  83  10:49  Zealot  
  87  10:50  Zealot  
  88  11:01  Zealot x3  
  88  11:04  Zealot  
  92  11:11  Zealot x2  
  92  11:14  Probe x2  
  94  11:24  Probe (Chrono Boost)  
  95  11:26  Zealot x2, Probe (Chrono Boost)  
  95  11:27  Probe (Chrono Boost)  
  95  11:28  Observer  
  102  11:36  Probe (Chrono Boost)  
  102  11:38  Probe (Chrono Boost)  
  102  11:39  Stalker x2  
  106  11:49  Zealot x3  
  101  12:02  Stalker x4  
  83  12:19  Zealot x3  
  83  12:21  Observer (Chrono Boost)  
  88  12:31  Zealot x2  
  88  12:32  Zealot  
  90  12:38  Zealot  
  90  12:40  Zealot  
  90  12:41  Probe  
  95  12:45  Observer  
  94  12:51  Zealot x2  
  94  12:55  Probe  
  94  12:56  Probe  
  94  12:58  Sentry x2  
  103  13:12  Zealot x4  
  101  13:16  Zealot  
  101  13:17  Probe  
  98  13:20  Observer  
  99  13:27  Pylon  
  99  13:31  Zealot x2  
  103  13:38  Stalker  
  103  13:39  Stalker x2  
  109  13:49  Stalker x2  
  109  13:53  Observer  
  109  13:55  Dark Shrine  
  113  14:01  Stalker x2  
  117  14:08  Zealot x2  
  117  14:09  Zealot  
  121  14:20  Stalker x2  
  125  14:34  Stalker  
  122  14:40  Zealot x4  
Show
View Real Time Build Order
Export as new Build Order

Probe Protoss 

Build Orders: Oracle Opening 

Get SALT Encoding   

  12  0:00  Probe  
  13  0:12  Probe  
  14  0:18  Pylon  
  14  0:25  Probe (Chrono Boost)  
  15  0:37  Probe (Chrono Boost)  
  15  0:39  Gateway  
  16  0:44  Probe (Chrono Boost)  
  16  0:48  Assimilator  
  17  0:51  Probe  
  17  0:56  Assimilator  
  18  1:03  Probe (Chrono Boost)  
  19  1:12  Gateway  
  19  1:14  Probe (Chrono Boost)  
  20  1:19  Probe (Chrono Boost)  
  21  1:28  Cybernetics Core  
  21  1:30  Probe  
  22  1:37  Pylon  
  22  1:43  Probe  
  23  1:55  Probe  
  24  2:04  Stargate  
  24  2:07  Adept  
  24  2:08  Adept  
  28  2:12  Warp Gate  
  28  2:18  Probe  
  29  2:24  Pylon  
  29  2:37  Adept  
  29  2:41  Adept  
  33  2:45  Oracle (Chrono Boost)  
  36  2:55  Pylon  
  36  3:11  Shield Battery  
  35  3:16  Oracle (Chrono Boost)  
  35  3:20  Probe  
  30  3:32  Probe  
  29  3:45  Probe  
  29  3:46  Shield Battery  
  30  3:57  Probe  
  30  4:00  Stalker  
  30  4:01  Stalker  
  35  4:09  Probe (Chrono Boost)  
  33  4:21  Probe (Chrono Boost)  
  34  4:30  Probe (Chrono Boost)  
  32  4:31  Twilight Council  
  32  4:35  Probe  
  33  4:47  Probe  
  34  4:59  Probe  
  31  5:09  Nexus  
  31  5:14  Dark Shrine  
  31  5:23  Stalker  
  31  5:25  Probe  
  34  5:37  Probe (Chrono Boost)  
  35  5:46  Stalker  
  35  5:48  Probe (Chrono Boost)  
  38  5:53  Probe (Chrono Boost)  
  38  5:55  Stalker  
  41  6:04  Probe  
  42  6:16  Probe (Chrono Boost)  
  42  6:17  Robotics Facility  
  43  6:22  Probe (Chrono Boost)  
  44  6:28  Probe (Chrono Boost)  
  44  6:29  Pylon  
  44  6:32  Probe (Chrono Boost)  
  46  6:34  Probe (Chrono Boost)  
  46  6:37  Probe (Chrono Boost)  
  48  6:42  Probe  
  48  6:45  Pylon  
  49  6:47  Pylon  
  49  6:49  Probe  
  49  6:52  Assimilator  
  50  6:54  Assimilator, Probe  
  50  7:01  Probe, Sentry  
  54  7:04  Shield Battery  
  54  7:06  Robotics Bay, Observer  
  54  7:07  Probe  
  56  7:14  Probe  
  57  7:19  Probe  
  58  7:25  Pylon, Blink  
  58  7:26  Probe  
  59  7:31  Probe  
  59  7:35  Stalker x2  
  64  7:38  Probe  
  64  7:43  Probe  
  66  7:50  Probe  
  67  7:53  Gateway  
  67  7:54  Gateway  
  67  8:05  Pylon  
  73  8:17  Disruptor (Chrono Boost)  
  70  8:31  Stalker x2  
  72  8:37  Probe  
  72  8:39  Probe  
  74  8:44  Gateway  
  74  8:45  Gateway  
  74  8:47  Gateway  
  74  8:50  Probe  
  74  8:54  Stalker x3  
  78  9:08  Pylon x2  
  78  9:10  Nexus  
  69  9:17  Stalker  
  69  9:18  Stalker x2  
  71  9:33  Stalker  
  59  9:40  Stalker x2  
  59  9:41  Stalker x2  
  56  9:52  Stalker  
  54  9:54  Probe  
  55  10:06  Sentry x2  
  55  10:07  Sentry  
  61  10:16  Stalker  
  62  10:24  Stalker x2  
  64  10:33  Observer (Chrono Boost)  
  64  10:35  Stalker x2  
  69  10:39  Sentry x2  
  73  10:43  Stalker  
  73  10:48  Disruptor (Chrono Boost)  
  78  10:57  Stalker  
  78  11:00  Sentry  
  79  11:12  Stalker  
  79  11:13  Stalker x2  
  76  11:28  Dark Templar, Zealot x2  
  76  11:29  Zealot  
  84  11:45  Dark Templar  
  86  11:49  Zealot x3  
  81  12:05  Zealot x3  
  69  12:08  Disruptor (Chrono Boost)  
  69  12:12  Zealot  
  70  12:21  Dark Templar  
  70  12:36  Stalker x2  
  72  12:48  Stalker x2  
  76  12:55  Zealot  
  76  12:56  Zealot x2  
  81  12:58  Observer (Chrono Boost)  
  64  13:14  Stalker x2  
  66  13:28  Nexus  
  66  13:30  Dark Templar  
  66  13:34  Pylon, Observer  
  66  13:48  Stalker x3  
  72  14:01  Stalker x2  
  76  14:10  Stalker  
  76  14:11  Zealot  
  76  14:12  Zealot x2  
  82  14:23  Probe x2  
  82  14:32  Stalker  
  82  14:35  Probe x2  
Tags
 
Add a new tag
Caveats
  • Supply blocks, unpowered buildings, or Contaminate may cause inaccurate times.
  • Supply counts are checked every 10 seconds.